 Dungeon Crawl Stone Soup version 0.30-a0-576-g89cddaab80 (webtiles) character file.

Game seed: 6751365823141291861

268 cforsyth the Trooper (level 6, -5/57 HPs)
             Began as a Ghoul Monk on Dec 31, 2022.
             Slain by an ogre
             ... wielding a +0 giant spiked club
              (13 damage)
             ... on level 4 of the Dungeon.
             The game lasted 00:05:24 (4012 turns).

cforsyth the Trooper (Ghoul Monk)                   Turns: 4012, Time: 00:05:24

Health: -5/57      AC: 10    Str: 17    XL:     6   Next: 21%
Magic:  5/5        EV:  5    Int:  5    God:
Gold:   127        SH:  0    Dex: 11    Spells: 5/5 levels left

rFire   . . .      SeeInvis .      - Unarmed
rCold   + . .      Faith    .    (no shield)
rNeg    + + +      Spirit   .    n - +0 plate armour
rPois   ∞          Reflect  .    (no helmet)
rElec   .          Harm     .    (no cloak)
rCorr   .          Rampage  .    (no gloves)
Will    .....                    (no boots) Stlth
                                 (no amulet)
HPRegen 0.00/turn                (no ring)
MPRegen 0.09/turn                (no ring)

@: inhibited regen, invisible
A: claws 1, cold resistance 1, negative energy resistance 3, inhibited
regeneration, torment resistance 2, devour on kill
a: no special abilities


You were on level 4 of the Dungeon.
You visited 1 branch of the dungeon, and saw 4 of its levels.

You collected 127 gold pieces.

Inventory:

Armour
 a - a +0 robe
 n - a +0 plate armour (worn)
Jewellery
 o - a ring of protection from cold
 q - a ring of ice
Wands
 t - a wand of flame (5)
Scrolls
 c - a scroll of fear {unknown}
 d - 3 scrolls of teleportation
 e - a scroll of blinking {unknown}
 f - 2 scrolls of identify {unknown}
 g - 3 scrolls of enchant armour {unknown}
 j - a scroll of silence {unknown}
 k - 2 scrolls of immolation {unknown}
 m - a scroll of vulnerability {unknown}
 r - a scroll of summoning {unknown}
Potions
 b - a potion of ambrosia
 h - a potion of haste {unknown}
 i - 2 potions of curing {unknown}
 l - a potion of mutation {unknown}
 p - a potion of invisibility
 s - a potion of berserk rage {unknown}


   Skills:
 + Level 5.7 Fighting
 - Level 2.6 Dodging
 - Level 2.1 Stealth
 + Level 5.7 Unarmed Combat


You had 5 spell levels left.
You didn't know any spells.
Your spell library was empty.

Dungeon Overview and Level Annotations

Branches:
Dungeon (4/15)             Temple (0/1) D:4

Altars:

Shops:
D:2 *


Innate Abilities, Weirdness & Mutations

You are immune to poison.
You have sharp fingernails.
Your flesh is cold resistant. (rC+)
You are immune to negative energy. (rN+++)
You do not regenerate when monsters are visible.
You are immune to unholy pain and torment.
You thrive by killing the living.


Message History

Things that are here:
a staff of poison; 2 boomerangs; an orc corpse HP restored.
Things that are here:
a +0 hand axe; a +0 leather armour You see here a +0 club.
Things that are here:
a +0 dagger; a +0 leather armour You now have 127 gold pieces (gained 6).
k - 2 scrolls labelled QOKKONO AHUQY (gained 1)
Things that are here:
a +0 mace; a +0 leather armour; a +0 club
Things that are here:
a staff of poison; 2 boomerangs; an orc corpse The ogre shouts!
An ogre is nearby!
The ogre hits you with a +0 giant spiked club!!
You scratch the ogre.
The ogre is lightly wounded.
The ogre hits you with a +0 giant spiked club!!
* * * LOW HITPOINT WARNING * * *
You are too injured to fight recklessly!
You are too injured to fight recklessly!
You are too injured to fight recklessly!
You are too injured to fight recklessly!
You are too injured to fight recklessly!
You are too injured to fight recklessly!
You are too injured to fight recklessly!
You are too injured to fight recklessly!
You are too injured to fight recklessly!
You completely miss the ogre.
The ogre is lightly wounded.
You barely miss the ogre.
The ogre is lightly wounded.
The ogre hits you with a +0 giant spiked club!
* * * LOW HITPOINT WARNING * * *
It was a potion of invisibility.
You fade into invisibility!
The ogre hits you with a +0 giant spiked club!
You die...

....# .....# #...
......#.... ....... ...##
....... ...# .......###..#
......O.# ..##
.......@###..#######
........#...........
...................#....###.
................#.###..##
..............##..###.##
.............##...##...##
............##)...##....##
............###.>..#.....##
............###.....#.#...#


You could see an ogre (unable to see you).

Vanquished Creatures
  A jelly (D:4)
  4 orc wizards
  6 adders
  A worm (D:2)
  3 dart slugs
  13 orcs
  8 bats
  2 endoplasms (D:2)
  2 giant cockroaches
  14 goblins
  7 hobgoblins
  3 jackals (D:1)
  7 kobolds
  A quokka (D:1)
  4 ball pythons
  2 frilled lizards
  6 rats (D:1)
84 creatures vanquished.

Notes
Turn   | Place    | Note
-------+----------+-------------------------------------------
     0 | D:1      | cforsyth the Ghoul Monk began the quest for the Orb.
     0 | D:1      | Reached XP level 1. HP: 19/19 MP: 0/0
   146 | D:1      | Reached XP level 2. HP: 26/26 MP: 1/1
  1095 | D:1      | Reached XP level 3. HP: 24/33 MP: 2/2
  1432 | D:2      | Found Resm's Assorted Antiques.
  1470 | D:2      | Reached XP level 4. HP: 38/41 MP: 3/3
  2449 | D:3      | Reached XP level 5. HP: 44/47 MP: 4/4
  2473 | D:3      | Reached skill level 5 in Fighting
  2565 | D:3      | Reached skill level 5 in Unarmed Combat
  2570 | D:3      | Noticed an ogre
  3349 | D:4      | Reached XP level 6. HP: 52/57 MP: 5/5
  3389 | D:4      | Found a staircase to the Ecumenical Temple.
  4012 | D:4      | Slain by an ogre

Illustrated notes

Levels and vault maps discovered:
D:1:      dpeg_arrival_ratfight, layout_basic, minmay_statues_item
D:2:      layout_basic, serial_shops, nicolae_square_shop, minmay_tetromino_s4
D:3:      cheibrodos_thug_alley, layout_basic, overflow_temple_1_default,
          st_stairs_4, minmay_ogre_servants
D:4:      layout_layer_cave, grunt_dithmenos_smoke,
          nicolae_overflow_crystal_walls, minmay_temple_entry_wispy

Skill      XL: |  1  2  3  4  5 |
---------------+----------------+-----
Fighting       | 4 5 |  5.7
Unarmed Combat | 4 5 |  5.7
Dodging        | |  2.6
Stealth        | |  2.1

Action                   |  1- 3 |  4- 6 || total
-------------------------+-------+-------++-------
Melee: Unarmed           |   115 |   173 ||   288
       Punch             |     1 |     7 ||     8
  Use: Scroll            |       |     1 ||     1
       Potion            |       |     1 ||     1
 Stab: Sleeping          |     8 |     1 ||     9
Armor: Robe              |    22 |     6 ||    28
       Plate armour      |       |   125 ||   125
Dodge: Dodged            |    55 |    62 ||   117

Table legend: (Time is in decaauts)
 A = Elapsed time spent in this place.
 B = Non-inter-level travel time spent in this place.
 C = Inter-level travel time spent in this place.
 D = Time resting spent in this place.
 E = Time spent auto-exploring this place.
 F = Levels seen in this place.
 G = Mean time per level.
                   A        B        C        D        E       F      G
               +--------+--------+--------+--------+--------+-----+--------+
         Total |   3990 |   3836 |    154 |    874 |   2064 |   4 |  997.5 |
       Dungeon |   3990 |   3836 |    154 |    874 |   2064 |   4 |  997.5 |
               +--------+--------+--------+--------+--------+-----+--------+

Top non-repeatable levels by time:
     D:1: 1533 daAuts
     D:3: 1123 daAuts
     D:4: 705 daAuts
     D:2: 629 daAuts
